 Dungeon Crawl Stone Soup version 0.29-a0-418-gc0181ea820 (webtiles) character file.

Game seed: 13997152890340919089

649 Hubjo the Magician (level 7, 0/42 HPs)
             Began as a Deep Elf Fire Elementalist on May 17, 2022.
             Was a Priest of Elyvilon.
             Killed from afar by Ijyb (12 damage)
             ... with a puff of flame
             ... on level 4 of the Dungeon.
             The game lasted 00:07:55 (6246 turns).

Hubjo the Magician (Deep Elf Fire Elementalist)     Turns: 6246, Time: 00:07:55

Health: 0/42       AC:  3    Str:  5    XL:     7   Next: 28%
Magic:  6/17       EV: 12    Int: 22    God:    Elyvilon [***...]
Gold:   259        SH:  0    Dex: 15    Spells: 15/16 levels left

rFire   . . .      SeeInvis .   l - +2 dagger (holy)
rCold   . . .      Faith    .   (no shield)
rNeg    . . .      Spirit   .   a - +0 robe
rPois   .          Reflect  .   (no helmet)
rElec   .          Harm     .   p - +0 cloak
rCorr   .          Rampage  .   (no gloves)
Will    .....                   (no boots)
Stlth   +++.......              i - amulet of regeneration
HPRegen 0.94/turn               j - ring of flight
MPRegen 0.15/turn               (no ring)

@: flying
A: no striking features
a: Renounce Religion, Purification, Heal Other, Heal Self


You were on level 4 of the Dungeon.
You worshipped Elyvilon.
Elyvilon was most pleased with you.
You visited 1 branch of the dungeon, and saw 4 of its levels.

You collected 259 gold pieces.

Inventory:

Hand Weapons
 l - a +2 dagger of holy wrath (weapon)
 m - the +3 falchion "Fiumec" {drain, rN+ rCorr Str-3 Dex+2}
   (You found it on level 3 of the Dungeon)

   A truly terrible weapon, it drains the life of any living foe it strikes.
   Str:       It affects your strength (-3).
   Dex:       It affects your dexterity (+2).
   rN:        It protects you from negative energy.
   rCorr:     It protects you from acid and corrosion.
   Elyvilon disapproves of the use of such an item.
Armour
 a - a +0 robe (worn)
 p - a +0 cloak (worn)
Jewellery
 i - an amulet of regeneration (around neck)
 j - a ring of flight (left hand)
Wands
 n - a wand of paralysis (11)
Scrolls
 c - 3 scrolls of fear
 d - 3 scrolls of amnesia
 g - a scroll of noise
 k - a scroll of teleportation
 o - a scroll of poison {unknown}
Potions
 b - a potion of magic
 e - 2 potions of curing
 f - a potion of attraction {unknown}
 h - a potion of invisibility {unknown}
 q - a potion of mutation {unknown}


   Skills:
 + Level 3.9 Fighting
 - Level 2.4 Dodging
 + Level 5.1 Stealth
 + Level 5.4 Spellcasting
 - Level 1.1 Conjurations
 * Level 5.2 Fire Magic


You had 15 spell levels left.
You knew the following spells:

 Your Spells              Type           Power      Damage    Failure   Level
a - Foxfire               Conj/Fire      76%        2x1d7     2%          1

Your spell library contained the following spells:

 Spells                   Type           Power      Damage    Failure   Level
 Scorch                   Fire           56%        2d8       1%          2
 Conjure Flame            Conj/Fire      19%        6-21      8%          3
 Inner Flame              Hex/Fire       17%        N/A       10%         3
 Flame Wave               Conj/Fire      19%        2d6       26%         4


Dungeon Overview and Level Annotations

Branches:
Dungeon (4/15)
 Temple: D:4-7

Altars:
Elyvilon
Wu Jian

Shops:
D:3 [!?   D:4 :

Annotations:
D:4 Ijyb


Message History

You barely miss Ijyb.
Ijyb is almost dead.
The foxfire hits Ijyb.
Ijyb is almost dead.
The foxfire hits Ijyb but does no damage.
Ijyb is almost dead.
Ijyb drinks a potion.
Ijyb is healed!
Casting: Foxfire (safe; 2% risk of failure)
Confirm with . or Enter, or press ? or * to list all spells.
You conjure some foxfire!
Ijyb zaps a wand.
The puff of flame misses you.
You hit Ijyb but do no damage.
Ijyb is heavily wounded.
The foxfire hits Ijyb but does no damage.
Ijyb is heavily wounded.
The foxfire hits Ijyb but does no damage.
Ijyb is heavily wounded.
Ijyb zaps a wand.
The puff of flame misses you.
Casting: Foxfire (safe; 2% risk of failure)
Confirm with . or Enter, or press ? or * to list all spells.
You conjure some foxfire!
Ijyb hits you with a +0 dagger.
You hit Ijyb but do no damage.
Ijyb is heavily wounded.
The foxfire hits Ijyb but does no damage.
Ijyb is heavily wounded.
The foxfire hits Ijyb but does no damage.
Ijyb is heavily wounded.
Ijyb hits you but does no damage.
Casting: Foxfire (safe; 2% risk of failure)
Confirm with . or Enter, or press ? or * to list all spells.
You conjure some foxfire!
Ijyb zaps a wand.
The puff of flame hits you.
* * * LOW HITPOINT WARNING * * *
Casting: Foxfire (safe; 2% risk of failure)
Confirm with . or Enter, or press ? or * to list all spells.
You conjure some foxfire!
The foxfire hits Ijyb but does no damage.
Ijyb is heavily wounded.
The foxfire hits Ijyb.
Ijyb is heavily wounded.
Ijyb zaps a wand.
The puff of flame hits you!
You die...

#.#.##.##.#
#.#
#.#.......#
#.#
#.........#
#.#
######.####
#.### #.#
#.... #####
#.# ####.
..###...# #.#
#.
.......g###.#
#. #.v@....#
#. #########
#. #. #. #.
##


You could see Ijyb (ally target).

Vanquished Creatures
  A steam dragon (D:4)
  A necrophage (D:4)
  3 scorpions (D:4)
  An orc priest (D:4)
  Robin (D:4)
  7 adders
  An ufetubus (D:4)
  A worm (D:2)
  2 dart slugs (D:1)
  10 orcs
  4 ball pythons
  10 endoplasms
  3 giant cockroaches
  15 goblins
  10 hobgoblins
  6 kobolds
  5 quokkas
  7 bats
  6 frilled lizards
  5 rats
99 creatures vanquished.

Vanquished Creatures (collateral kills)
  21 foxfires (D:4)
21 creatures vanquished.

Vanquished Creatures (others)
  624 foxfires
  A fungus (D:4)
625 creatures vanquished.

Grand Total: 745 creatures vanquished

Notes
Turn   | Place    | Note
-------+----------+-------------------------------------------
     0 | D:1      | Hubjo the Deep Elf Fire Elementalist began the quest for
                  | the Orb.
     0 | D:1      | Reached XP level 1. HP: 10/10 MP: 6/6
   156 | D:1      | Found a faded altar of an unknown god.
   189 | D:1      | Reached XP level 2. HP: 9/16 MP: 2/8
   203 | D:1      | Prayed at the altar of an unknown god.
   203 | D:1      | Became a worshipper of Elyvilon the Healer
   203 | D:1      | Reached * piety under Elyvilon
   489 | D:1      | Reached skill level 1 in Fighting
  1168 | D:1      | Reached XP level 3. HP: 20/20 MP: 5/9
  1835 | D:2      | Reached ** piety under Elyvilon
  2232 | D:2      | Reached XP level 4. HP: 26/26 MP: 5/11
  3031 | D:3      | Found Syusorph's Distillery.
  3032 | D:3      | Found Moorughe's Magic Scroll Shoppe.
  3165 | D:3      | Found Ykof's Antique Armour Boutique.
  3165 | D:3      | Identified the +3 falchion "Fiumec" {drain, rN+ rCorr Str-3
                  | Dex+2}
  3535 | D:3      | Reached *** piety under Elyvilon
  4420 | D:4      | Noticed a scorpion
  4428 | D:4      | Killed a scorpion
  4429 | D:4      | Reached XP level 5. HP: 31/31 MP: 5/13
  4594 | D:4      | Elyvilon protects you from harm!
  4595 | D:4      | HP: 1/32 [poisoned by a scorpion]
  4596 | D:4      | Reached XP level 6. HP: 1/37 MP: 4/15
  4870 | D:4      | Was placed under penance by Elyvilon
  4981 | D:4      | Found Fiasoiv's Book Boutique.
  5060 | D:4      | Found an ornate altar of the Wu Jian Council.
  5064 | D:4      | Noticed a steam dragon
  5072 | D:4      | Killed a steam dragon
  5073 | D:4      | Reached skill level 5 in Spellcasting
  5207 | D:4      | Reached skill level 5 in Stealth
  5207 | D:4      | Reached skill level 5 in Fire Magic
  5207 | D:4      | Reached XP level 7. HP: 42/42 MP: 9/16
  5264 | D:4      | Was forgiven by Elyvilon
  5455 | D:4      | Noticed Robin
  5469 | D:4      | Killed Robin
  6227 | D:4      | Noticed Ijyb
  6246 | D:4      | Killed from afar by Ijyb

Illustrated notes

Levels and vault maps discovered:
D:1:      minmay_arrival_stair_chambers, layout_basic,
          hellmonk_ecumenical_altar_blasted, hangedman_decor_diamond_cutter
D:2:      layout_loops_corners, minmay_splitting_lines,
          nicolae_figureground_sparkle
D:3:      layout_loops_ring, serial_shops, shop_coins,
          nicolae_shop_competitors_out_of_business, shop,
          kennysheep_big_empty_room
D:4:      old_forge, layout_loops_corners, mainiacjoe_overflow_boulevard,
          serial_shops, shop, hangedman_decor_push, wad_woods_river_04,
          uniq_ijyb, uniq_robin

Skill      XL: |  1  2  3  4  5  6 |
---------------+-------------------+-----
Fighting       | 1 2 3 |  3.9
Stealth        | 3 4 5 |  5.1
Spellcasting   | 4 5 |  5.4
Fire Magic     | 4 5 |  5.2
Dodging        | |  2.4
Conjurations   | |  1.1

Action                   |  1- 3 |  4- 6 |  7- 9 || total
-------------------------+-------+-------+-------++-------
Melee: Unarmed           |    20 |    10 |     4 ||    34
       Dagger            |       |       |     4 ||     4
 Cast: Foxfire           |   127 |   212 |    67 ||   406
Invok: Purification      |       |     1 |       ||     1
       Heal Other        |       |     1 |       ||     1
  Use: Scroll            |       |     6 |       ||     6
       Potion            |       |     3 |       ||     3
Armor: Robe              |     3 |    12 |     3 ||    18
Dodge: Dodged            |    24 |    58 |     6 ||    88

Table legend: (Time is in decaauts)
 A = Elapsed time spent in this place.
 B = Non-inter-level travel time spent in this place.
 C = Inter-level travel time spent in this place.
 D = Time resting spent in this place.
 E = Time spent auto-exploring this place.
 F = Levels seen in this place.
 G = Mean time per level.
                   A        B        C        D        E       F      G
               +--------+--------+--------+--------+--------+-----+--------+
         Total |   6245 |   6153 |     92 |      0 |   5274 |   4 | 1561.2 |
       Dungeon |   6245 |   6153 |     92 |      0 |   5274 |   4 | 1561.2 |
               +--------+--------+--------+--------+--------+-----+--------+

Top non-repeatable levels by time:
     D:4: 1776 daAuts
     D:1: 1553 daAuts
     D:2: 1476 daAuts
     D:3: 1438 daAuts
